 Dungeon Crawl Stone Soup version 0.25-a0-289-g406d6369f5 (webtiles) character file.

Game seed: 7213016470467167988, levelgen mode: deterministic

820 Gargoyl the Chopper (level 7, 0/88 HPs)
             Began as a Centaur Abyssal Knight on Dec 13, 2019.
             Was a Priest of Lugonu.
             Succumbed to a gnoll's poison
             ... on level 5 of the Dungeon.
             The game lasted 00:07:10 (4890 turns).

Gargoyl the Chopper (Centaur Abyssal Knight)        Turns: 4890, Time: 00:07:10

Health: 0/88       AC: 23    Str: 15    XL:     7   Next: 63%
Magic:  9/9        EV:  1    Int: 11    God:    Lugonu [***...]
Gold:   247        SH:  0    Dex: 10    Spells: 6/6 levels left

rFire    . . .     SeeInvis .   a - +1 hand axe
rCold    . . .     Gourm    .   (no shield)
rNeg     + + +     Faith    .   (armour currently unavailable)
rPois    +         Spirit   .   (helmet currently unavailable)
rElec    .         Reflect  .   (cloak currently unavailable)
rCorr    .         Harm     .   (gloves currently unavailable)
MR       .....     NoTele   +   (no barding)
Stlth    +.........             f - amulet of rage
HPRegen  0.24/turn              h - +3 ring of slaying
MPRegen  0.11/turn              (no ring)

@: lethally poisoned (0 -> -10), tree-form, berserk cooldown, slowed, very slow
A: large
a: Depart the Abyss, Bend Space, Banish, Renounce Religion, Evoke Berserk Rage


You were on level 5 of the Dungeon.
You worshipped Lugonu.
Lugonu was most pleased with you.
You were very hungry.
You were a tree.
You visited 1 branch of the dungeon, and saw 5 of its levels.
You visited the Abyss 1 time.

You collected 247 gold pieces.

Inventory:

Hand Weapons
 a - a +1 hand axe (weapon)
Missiles
 g - 14 javelins (quivered)
Armour
 d - the +1 scale mail "Xuoficw" (melded) {rElec}
   (You found it on level 2 of the Abyss)

   It insulates you from electricity.
 k - a +0 cloak (melded)
Jewellery
 f - an amulet of rage (around neck)
 h - a +3 ring of slaying (left branch)
Wands
 b - a wand of paralysis (9)
 e - a wand of digging (11)
 s - a wand of flame (11)
Scrolls
 j - 3 scrolls of teleportation
 l - a scroll of fear
 n - 4 scrolls of remove curse
 p - a scroll of identify
Potions
 i - a potion of haste
Comestibles
 c - 11 rations


   Skills:
 + Level 4.1 Fighting
 + Level 4.5 Axes
 * Level 3.9 Armour
 * Level 2.3 Dodging
 * Level 3.8 Invocations
 + Level 0.2 Evocations


You had 6 spell levels left.
You didn't know any spells.
Your spell library contained the following spells:

 Spells                   Type           Power        Failure   Level  Hunger
 Animate Skeleton         Necr           N/A          34%         1    ##.....
 Pain                     Necr           #...         34%         1    ##.....
 Regeneration             Chrm/Necr      #.........   71%         3    ####...
 Vampiric Draining        Necr           #.........   71%         3    ####...
 Animate Dead             Necr           N/A          98%         4    #####..


Dungeon Overview and Level Annotations

Branches:
Dungeon (5/15)
 Temple: D:4-7

Altars:
The Shining One


Innate Abilities, Weirdness & Mutations

((You have hooves in place of feet.))
((Armour fits poorly on your strangely shaped body.))
((You cover ground very quickly.))
((You have extremely tough skin. (AC +3)))


Message History

You are poisoned.
The gnoll closely misses you.
You hit the gnoll.
You kill the gnoll!
Lugonu accepts your kill.
You barely miss the gnoll.
You feel sick.
The gnoll hits you with a +0 spear of venom.
* * * LOW HITPOINT WARNING * * *
You are lethally poisoned!
The gnoll closely misses you.
You hit the gnoll. You kick the gnoll.
You kill the gnoll!
Lugonu accepts your kill.
* * * LOW HITPOINT WARNING * * *
You feel sick.
Really quaff the potion of lignification?
You turn into a tree.
Your +0 cloak melds into your body.
The +1 scale mail "Xuoficw" {rElec} melds into your body.
Your roots penetrate the ground.
You die...

## ##......## .....##
##.....# .......##
####..##
%.......###......##
..................##
...................##
..........)†.....<..#
........))%..........#
.......♣))###.....(....#
........)## ##..........
.........# #..........
.........# #..........
.......... ...........
........... #...........
##.....###. ###... #.


There were no monsters in sight!

Vanquished Creatures
  An ogre (D:4)
  A centaur (D:5)
  A centaur zombie (D:5)
  A bullfrog zombie (D:5)
  Crazy Yiuf (D:2)
  A gnoll shaman (D:5)
  3 orc priests
  An iguana (D:4)
  Jessica (D:3)
  2 orc wizards
  3 worker ants
  A hound zombie (D:5)
  15 gnolls
  An adder (D:3)
  3 worms
  2 dart slugs (D:1)
  4 leopard geckos
  11 orcs
  11 bats
  5 giant cockroaches
  7 goblins
  6 hobgoblins
  6 jackals
  A ball python (D:4)
  2 frilled lizards
  4 kobolds
  A leopard gecko zombie (D:5)
  8 rats
104 creatures vanquished.

Notes
Turn   | Place    | Note
-------+----------+-------------------------------------------
     0 | Abyss:1  | Gargoyl the Centaur Abyssal Knight began the quest for the
                  | Orb.
     0 | Abyss:1  | Reached XP level 1. HP: 19/19 MP: 2/2
   119 | Abyss:2  | Got a faintly glowing scale mail
   130 | Abyss:2  | Identified the +1 scale mail "Xuoficw" {rElec} (You found
                  | it on level 2 of the Abyss)
   184 | Abyss:4  | Found a corrupted altar of Lugonu.
   230 | Abyss:4  | Noticed a wretched star
   239 | Abyss:5  | Entered Level 5 of the Abyss
   241 | Abyss:5  | Found a corrupted altar of Lugonu.
   241 | Abyss:5  | Noticed a profane servitor
   243 | Abyss:5  | Noticed a neqoxec
   245 | Abyss:5  | Noticed a wretched star
   245 | Abyss:5  | Noticed a guardian serpent
   247 | Abyss:5  | Noticed a naga warrior
   247 | Abyss:5  | Noticed a naga
   247 | D:1      | Escaped the Abyss
   373 | D:1      | Reached * piety under Lugonu
   407 | D:1      | Reached XP level 2. HP: 16/26 MP: 3/3
  1027 | D:2      | Reached XP level 3. HP: 31/31 MP: 4/4
  1046 | D:2      | Reached skill level 1 in Dodging
  1101 | D:2      | Reached ** piety under Lugonu
  1243 | D:2      | Found a runed translucent door.
  1244 | D:2      | Noticed Crazy Yiuf
  1609 | D:2      | Killed Crazy Yiuf
  1609 | D:2      | Reached XP level 4. HP: 9/38 MP: 5/5
  2044 | D:3      | Noticed Jessica
  2059 | D:3      | Killed Jessica
  2089 | D:3      | Reached XP level 5. HP: 30/45 MP: 7/7
  3497 | D:4      | Reached XP level 6. HP: 50/52 MP: 8/8
  3817 | D:4      | Reached *** piety under Lugonu
  4104 | D:5      | Entered Level 5 of the Dungeon
  4399 | D:4      | Reached XP level 7. HP: 59/59 MP: 9/9
  4784 | D:5      | Found a glowing golden altar of the Shining One.
  4886 | D:5      | HP: 2/59 [gnoll/cursed +0 halberd (11)]
  4890 | D:5      | Succumbed to a gnoll's poison

Levels and vault maps discovered:
D:1:      nagdon_arrival_double_spiral, layout_basic
D:2:      layout_rooms, minmay_curled_crystal, minmay_tromino_v7,
          uniq_crazy_yiuf_cottage
D:3:      wad_pebble_path, layout_loops_ring, first_ration, uniq_jessica
D:4:      layout_loops_ring
D:5:      layout_cave_pods, kennysheep_mini, uniq_ijyb

Skill      XL: |  1  2  3  4  5  6  7 |
---------------+----------------------+-----
Axes           | 2 3 4 |  4.5
Dodging        | 1 2 |  2.3
Armour         | 2 3 |  3.9
Invocations    | 3 |  3.8
Fighting       | 4 |  4.1
Evocations     | |  0.2

Action                   |  1- 3 |  4- 6 |  7- 9 || total
-------------------------+-------+-------+-------++-------
Melee: Hand axe          |    89 |   120 |    32 ||   241
       Kick              |     5 |    31 |    13 ||    49
Invok: Depart the Abyss  |     1 |       |       ||     1
       Bend Space        |       |     1 |       ||     1
 Abil: Evoke Berserk Rag |       |     1 |     1 ||     2
  Use: Scroll            |     4 |     5 |       ||     9
       Potion            |     1 |     3 |     2 ||     6
  Eat: Chunk             |     1 |     8 |     2 ||    11
Armor: Scale mail        |    72 |    77 |    14 ||   163
       Skin              |       |    46 |       ||    46
Dodge: Dodged            |    36 |    40 |    30 ||   106

Table legend:
 A = Non-vault XP
 B = Vault XP
 C = Vault XP percentage of total XP
 D = Non-vault monster count
 E = Vault monster count
 F = Vault count percentage of total count
                 A         B        C        D         E       F
            +---------+---------+-------+---------+---------+-------
      Total |    1090 |      82 |   7.0 |     100 |       4 |   3.8
            +---------+---------+-------+---------+---------+-------
        D:1 |      38 |       0 |   0.0 |      19 |       0 |   0.0
        D:2 |      32 |      45 |  58.4 |      17 |       3 |  15.0
        D:3 |     205 |      37 |  15.3 |      34 |       1 |   2.9
        D:4 |     244 |       0 |   0.0 |      11 |       0 |   0.0
        D:5 |     571 |       0 |   0.0 |      19 |       0 |   0.0
            +---------+---------+-------+---------+---------+-------
